 Dungeon Crawl Stone Soup version 0.26.1-2-gb8aa6d0cf2 (webtiles) character file.

Game seed: 2960851171563434762

91 Alvadar the Firebug (level 4, -4/35 HPs)
             Began as a Demigod Fire Elementalist on Mar 26, 2021.
             Killed from afar by Natasha (8 damage)
             ... with a magic dart
             ... on level 2 of the Dungeon.
             The game lasted 00:03:01 (2690 turns).

Alvadar the Firebug (Demigod Fire Elementalist)     Turns: 2690, Time: 00:03:01

Health: -4/35      AC:  3    Str: 11    XL:     4   Next: 12%
Magic:  5/10       EV: 12    Int: 21    God:
Gold:   79         SH:  0    Dex: 16    Spells: 4/8 levels left

rFire    . . .     SeeInvis .   c - +0 dagger
rCold    . . .     Faith    .   (no shield)
rNeg     . . .     Spirit   .   a - +0 robe
rPois    .         Reflect  .   (helmet restricted)
rElec    .         Harm     .   (no cloak)
rCorr    .         Rampage  .   i - +0 pair of gloves
Will     .....     Rnd*Rage +   (no boots)
Stlth    ++........             (no amulet)
HPRegen  0.11/turn              (no ring)
MPRegen  0.12/turn              (no ring)

@: slowed, invisible, very slow
A: horns 1, berserk 1, high mp 1, sense surroundings 1, sturdy frame 1
a: no special abilities


You were on level 2 of the Dungeon.
You visited 1 branch of the dungeon, and saw 2 of its levels.

You collected 79 gold pieces.

Inventory:

Hand Weapons
 c - a +0 dagger (weapon)
Armour
 a - a +0 robe (worn)
 i - a +0 pair of gloves (worn)
Jewellery
 k - an uncursed ring of willpower
Scrolls
 b - a scroll of noise {unknown}
 d - a scroll of identify {unknown}
 f - 2 scrolls of random uselessness {unknown}
 g - a scroll of fog {unknown}
 j - 2 scrolls of magic mapping {unknown}
 l - a scroll of teleportation {unknown}
Potions
 h - a potion of heal wounds {unknown}


   Skills:
 + Level 1.5 Fighting
 - Level 1.7 Dodging
 - Level 1.7 Stealth
 + Level 2.5 Spellcasting
 + Level 2.0 Conjurations
 + Level 3.2 Fire Magic


You had 4 spell levels left.
You knew the following spells:

 Your Spells              Type           Power        Failure   Level
a - Conjure Flame         Conj/Fire      13%          14%         3
b - Foxfire               Conj/Fire      52%          4%          1

Your spell library contained the following spells:

 Spells                   Type           Power        Failure   Level
 Inner Flame              Hex/Fire       9%           22%         3
 Sticky Flame             Conj/Fire      13%          43%         4
 Fireball                 Conj/Fire      6%           78%         5


Dungeon Overview and Level Annotations

Branches:
Dungeon (2/15)

Annotations:
D:2 Natasha


Innate Abilities, Weirdness & Mutations

You have an increased reservoir of magic. (+10% MP)
You have a pair of small horns on your head.
You tend to lose your temper in combat.
You passively map a small area around you.
Your movements are slightly less encumbered by armour. (ER -2)


Message History

You conjure some foxfire!
The foxfire hits Natasha but does no damage.
Natasha is heavily wounded.
Natasha casts a spell at you. The magic dart hits you. Natasha claws you!
* * * LOW HITPOINT WARNING * * *
You are too injured to fight recklessly!
It was a potion of mutation.
You feel extremely strange.
You feel a little pissed off. A pair of horns grows on your head!
You feel less encumbered by your armour.
You feel a strange attunement to the structure of the dungeons.
The foxfire hits Natasha.
Natasha is severely wounded.
Natasha claws you.
* * * LOW HITPOINT WARNING * * *
It was a potion of invisibility.
You fade into invisibility!
Natasha casts a spell at you. The magic dart hits you!
You die...

.....##...#.<........#.....).'#..
.....##.#.##.........#.......##..
.....##.#.##..#'####.#.###)#.....
.....##.#.##..#.####.#.##.....#.#
...............).....#....#.#.#.#
...........#........<#.#........#
.......##..##...######.##.#.#..##
.....#..#..##..h######.##......#
#...###.#..##...@......#########
..#..#..#..##.#ยง########
.###...##.....#.# ##
##.###.#####.# .###...#........#
..#..#...######## #...###..#
.....#...# .......###


You could see Natasha.

Vanquished Creatures
  Natasha (D:2)
  An adder (D:2)
  2 oozes
  A worm (D:2)
  3 leopard geckos
  A ball python (D:1)
  5 bats
  3 giant cockroaches
  2 hobgoblins
  6 jackals (D:2)
  2 frilled lizards
  6 goblins
  5 kobolds
  4 rats (D:1)
42 creatures vanquished.

Vanquished Creatures (others)
  166 foxfires
166 creatures vanquished.

Grand Total: 208 creatures vanquished

Notes
Turn   | Place    | Note
-------+----------+-------------------------------------------
     0 | D:1      | Alvadar the Demigod Fire Elementalist began the quest for
                  | the Orb.
     0 | D:1      | Reached XP level 1. HP: 14/14 MP: 5/5
   160 | D:1      | Reached skill level 1 in Conjurations
   580 | D:1      | Reached XP level 2. HP: 22/22 MP: 1/7
  1469 | D:2      | Found a glowing silver altar of Zin.
  1498 | D:2      | Reached skill level 1 in Fighting
  1498 | D:2      | Reached skill level 3 in Fire Magic
  1609 | D:2      | Reached XP level 3. HP: 28/28 MP: 0/8
  1726 | D:2      | Learned a level 3 spell: Conjure Flame
  2036 | D:2      | Noticed Natasha
  2039 | D:2      | Killed Natasha
  2040 | D:2      | Reached XP level 4. HP: 35/35 MP: 2/10
  2332 | D:2      | Found a shadowy altar of Dithmenos.
  2681 | D:2      | Noticed Natasha
  2689 | D:2      | Gained mutation: You tend to lose your temper in combat.
                  | [potion of mutation]
  2689 | D:2      | Gained mutation: You have a pair of small horns on your
                  | head. [potion of mutation]
  2689 | D:2      | Gained mutation: Your movements are slightly less
                  | encumbered by armour. (ER -2) [potion of mutation]
  2689 | D:2      | Gained mutation: You passively map a small area around you.
                  | [potion of mutation]
  2690 | D:2      | Killed from afar by Natasha

Illustrated notes

Levels and vault maps discovered:
D:1:      evilmike_arrival_rings, layout_basic
D:2:      layout_basic, zin_statuary, nicolae_dithmenos_through_a_glass_darkly,
          serial_glass, glass_columns_a, glass_columns_a, feat_on_display,
          minmay_strange_pillars, minmay_strange_pillars, uniq_natasha

Skill      XL: |  1  2  3  4 |
---------------+-------------+-----
Conjurations   | 1 2 |  2.0
Spellcasting   | 2 |  2.5
Fighting       | 1 |  1.5
Fire Magic     | 3 |  3.2
Dodging        | |  1.7
Stealth        | |  1.7

Action                   |  1- 3 |  4- 6 || total
-------------------------+-------+-------++-------
Melee: Dagger            |    11 |       ||    11
 Cast: Foxfire           |    88 |    25 ||   113
  Use: Potion            |       |     2 ||     2
Armor: Robe              |     1 |       ||     1
Dodge: Dodged            |    20 |     3 ||    23
